 Dungeon Crawl Stone Soup version 0.20.1-1-g8b1a95d (webtiles) character file.

116496 AverageBear the Thaumaturge (level 16, -2/93 HPs)
             Began as a Deep Elf Fighter on July 25, 2017.
             Was the Champion of Ashenzari.
             Killed from afar by a deep elf mage (32 damage)
             ... with a bolt of lightning
             ... on level 1 of the Elven Halls.
             The game lasted 00:57:38 (25517 turns).

AverageBear the Thaumaturge (Deep Elf Fighter)     Turns: 25517, Time: 00:57:39

Health: -2/93      AC: 31    Str: 18    XL:     16   Next: 21%
Magic:  36/36      EV: 13    Int: 16    God:    Ashenzari [******]
Gold:   2117       SH: 18    Dex: 11    Spells: 28/43 levels left

rFire    + . .     SeeInvis +   h - +8 rapier (flame) (curse)
rCold    + . .     Gourm    .   o - +0 large shield {AC+3} (curse)
rNeg     . . .     Faith    .   r - +1 plate armour of the Louse {Dex-3 Slay+6} (curse)
rPois    .         Spirit   .   y - +0 helmet (curse)
rElec    .         Reflect  .   Y - +1 cloak {rC+} (curse)
rCorr    .         Harm     .   j - +2 pair of gloves (curse)
MR       ++...     Clarity  +   F - +0 pair of boots (curse)
Stlth    ..........             A - amulet of regeneration (curse)
Regen    1.1/turn               n - +5 ring of evasion
MPRegen  0.3/turn               P - ring "Jaem" {rF+ Slay+4} (curse)

@: no status effects
A: clarity, magic resistance 1, sense surroundings 1, regeneration 1
a: Curse Item, Scrying, Transfer Knowledge, Renounce Religion


You were on level 1 of the Elven Halls.
You worshipped Ashenzari.
Ashenzari was exalted by your worship.
You were not hungry.

You visited 5 branches of the dungeon, and saw 25 of its levels.
You also visited: Ice Cave.

You collected 2778 gold pieces.
You spent 661 gold pieces at shops.

Inventory:

Hand Weapons
 h - a cursed +8 rapier of flaming (weapon)
 i - the +5 long sword "Nuczopum" {slice, rN+}
   (You bought it in a shop on level 2 of the Orcish Mines)

   It inflicts extra damage upon your enemies.
   It protects you from negative energy.
Missiles
 t - 7 throwing nets (quivered)
Armour
 j - a cursed +2 pair of gloves (worn)
 o - a cursed +0 large shield of protection (worn)
 r - the cursed +1 plate armour of the Louse (worn) {Dex-3 Slay+6}
   (You found it on level 5 of the Lair of Beasts)

   It affects your dexterity (-3).
   It affects your accuracy and damage with ranged weapons and melee attacks
   (+6).
   It has a curse placed upon it.
 y - a cursed +0 helmet (worn)
 F - a cursed +0 pair of boots (worn)
 Y - a cursed +1 cloak of cold resistance (worn)
Jewellery
 n - a +5 ring of evasion (left hand)
 A - a cursed amulet of regeneration (around neck)
 P - the cursed ring "Jaem" (right hand) {rF+ Slay+4}
   (You found it on level 6 of the Lair of Beasts)

   [ring of protection from fire]

   It affects your accuracy and damage with ranged weapons and melee attacks
   (+4).
   It protects you from fire.
   It has a curse placed upon it.
Wands
 p - a wand of lightning (4/15)
 z - a wand of paralysis (10/24)
 I - a wand of iceblast (9/15)
 J - a wand of acid (5/15)
 S - a wand of disintegration (22/24)
 T - a wand of enslavement (16/24)
 V - a wand of iceblast (8/15)
 W - a wand of clouds (8/9)
Scrolls
 b - 7 scrolls of teleportation
 d - 5 scrolls of amnesia
 e - 6 scrolls of immolation
 q - 5 scrolls of identify
 E - 3 scrolls of remove curse
 N - 2 scrolls of silence
 Q - 5 scrolls of fear
 R - a scroll of magic mapping
Potions
 m - a potion of haste
 s - a potion of flight
 u - 9 potions of curing
 v - 2 potions of magic
 C - 3 potions of brilliance
 G - 2 potions of heal wounds
 H - 2 potions of berserk rage
 L - 6 potions of cancellation
 M - a potion of ambrosia
 O - 2 potions of agility
 U - 3 potions of might
Books
 a - a book of Maledictions

   Spells                             Type                      Level
   a - Corona                         Hexes                        1
   b - Ensorcelled Hibernation        Hexes/Ice                    2
   c - Confuse                        Hexes                        3
   d - Tukima's Dance                 Hexes                        3
   e - Dazzling Spray                 Conjuration/Hexes            3
 k - a book of Clouds

   Spells                             Type                      Level
   a - Poisonous Vapours              Poison/Air                   2
   b - Mephitic Cloud                 Conjuration/Poison/Air       3
   c - Conjure Flame                  Conjuration/Fire             3
   d - Freezing Cloud                 Conjuration/Ice/Air          6
   e - Ring of Flames                 Charms/Fire                  7
 B - a book of Frost

   Spells                             Type                      Level
   a - Freeze                         Ice                          1
   b - Throw Frost                    Conjuration/Ice              2
   c - Ozocubu's Armour               Charms/Ice                   3
   d - Throw Icicle                   Conjuration/Ice              4
   e - Summon Ice Beast               Ice/Summoning                4
 K - a book of Changes

   Spells                             Type                      Level
   a - Beastly Appendage              Transmutation                1
   b - Sticks to Snakes               Transmutation                2
   c - Spider Form                    Transmutation/Poison         3
   d - Ice Form                       Ice/Transmutation            4
   e - Blade Hands                    Transmutation                5
Miscellaneous
 l - a box of beasts
 x - a lamp of fire
 X - a fan of gales
Comestibles
 c - 5 chunks of flesh
 f - 10 bread rations
 g - 12 royal jellies
 w - 13 meat rations
 D - 10 fruits


   Skills:
 - Level 8.0 Fighting
 - Level 10.3(14.5) Short Blades
 - Level 10.3(15.8) Armour
 - Level 12.1 Dodging
 - Level 8.1 Stealth
 + Level 9.3(12.2) Shields
 - Level 14.0 Spellcasting
 - Level 10.3(13.1) Conjurations
 - Level 10.5(13.3) Hexes
 - Level 6.3(9.4) Fire Magic
 - Level 3.1(5.7) Air Magic
 - Level 3.1(5.7) Poison Magic


You had 28 spell levels left.
You knew the following spells:

 Your Spells              Type           Power        Failure   Level  Hunger
a - Conjure Flame         Conj/Fire      #####...     12%         3    None
b - Mephitic Cloud        Conj/Pois/Air  #####...     38%         3    None
c - Confuse               Hex            ######..     4%          3    None
d - Tukima's Dance        Hex            ######..     4%          3    None
e - Dazzling Spray        Conj/Hex       ######       5%          3    None


Dungeon Overview and Level Annotations

Branches:
Dungeon (15/15)            Temple (1/1) D:6            Lair (6/6) D:10
  Swamp (0/4) Lair:3       Spider (0/4) Lair:2        Slime (0/5) Lair:5
    Orc (2/2) D:10            Elf (1/3) Orc:2        Vaults (0/5) D:13
 Depths (0/5) D:15

Altars:
Ashenzari
Cheibriados
Dithmenos
Elyvilon
Fedhas
Gozag
Hepliaklqana
Kikubaaqudgha
Makhleb
Nemelex Xobeh
Okawaru
Qazlal
Ru
Sif Muna
Trog
Uskayaw
Vehumet
Xom
Yredelemnul
Zin
The Shining One
Beogh

Shops:
D:5 (   D:8 (   D:9 }   D:11 }   D:14 !   Orc:2 (!}%

Portals:
Pandemonium: Orc:2

Annotations:
D:13 Zdeegee's ghost, journeyman MiFi
D:14 exclusion: Roxanne, Roxanne


Innate Abilities, Weirdness & Mutations

You possess an exceptional clarity of mind.
You are resistant to hostile enchantments. (MR+)
You passively map a small area around you.
Your natural rate of healing is unusually fast.


Message History

The deep elf mage hits you but does no damage.
Things that are here:
an arrow; a +0 rapier; a +0 long sword The deep elf mage points at you and mumbles some strange words.
You block the stone arrow.
The deep elf archer shoots an arrow.
The arrow hits you but does no damage. The deep elf mage casts a spell at you.
The bolt of lightning hits you!
The bolt of lightning hits the earth elemental.
The earth elemental completely resists.
You see here 2 arrows.
The deep elf archer shoots an arrow.
You block the arrow.
There is a staircase back to the Mines, spattered with blood here.
You see here 2 arrows.
The deep elf archer shoots an arrow.
The arrow misses you.
The arrow closely misses the deep elf mage.
The arrow hits the earth elemental!
The deep elf mage casts a spell at you. The bolt of lightning hits you! x2
You die...

. #)##.).....# #%#*##))##
.,##(....)..## #.# ##..##
..##((.##..## *#.####**##..##
..#..#(##..####.##........#.#####
.....#..#...##.###.######.##.#..#
....)...(((......................
.....##.#'#.(.###..[......###....
.....####.##..((..e^.........e...
....>###...###Ee@.e.......###§...
..####..)....###..........# #{...
.+*#..{e):.....##'........# ##..#
# .......)#....).#.######.# #..#
........##E..#.#.# #.# ####
...####..##.e#.#.# #.# *..# ,
...,##.#.#.# #.# *## ,
..⌠,,###.#.# *,* , .....* ..#.#
*,


You could see a deep elf archer, an earth elemental and 2 deep elf magi.

Vanquished Creatures
  A deep elf sorcerer (Elf:1)
  A frost giant (IceCv)
  Nessos (D:14)
  Azrael (D:15)
  The ghost of jiveturtle the Devastator, a journeyman DrCj of Vehumet (Lair:4)
  An ettin (Orc:1)
  Josephine (Lair:6)
  5 hydras
  3 centaur warriors
  The ghost of SillyWilly the Slinger, a journeyman HaHu of Okawaru (D:11)
  2 catoblepae
  An ogre mage (D:13)
  A queen ant (shapeshifter) (D:15)
  6 two-headed ogres
  2 tengu warriors (D:15)
  2 death yaks (Lair:4)
  2 dancing weapons (Elf:1)
  Urug (Lair:3)
  6 orc high priests (Orc:2)
  A sixfirhy (Orc:1)
  A gelid demonspawn (Orc:2)
  A skeletal warrior (D:13)
  A spectral wolf spider (D:13)
  A torturous demonspawn (Orc:2)
  Pikel (D:9)
  5 deep elf archers
  4 orc knights (Orc:2)
  An orb spider (Lair:2)
  5 orc sorcerers (Orc:2)
  16 ugly things
  18 deep elf magi
  4 cyclopes
  4 slime creatures (D:12)
  9 elephants
  2 ice statues (IceCv)
  An orange demon (Orc:2)
  A gargoyle (D:13)
  2 black mambas
  23 spiny frogs
  A torpor snail (Lair:4)
  Psyche (D:12)
  A kobold demonologist (D:13)
  6 komodo dragons
  A rime drake (Lair:5)
  2 ice devils (Lair:2)
  A hellwing (Orc:2)
  5 trolls
  14 polar bears (IceCv)
  3 meliai (D:15)
  A queen bee (D:8)
  5 tyrant leeches
  9 hippogriffs
  Grinder (D:5)
  13 dream sheep
  30 blink frogs
  Sigmund (D:2)
  A shadow (D:11)
  2 vampires
  A centaur simulacrum (D:14)
  An air elemental (Elf:1)
  6 wraiths
  53 yaks
  3 wyverns
  5 fire elementals (D:15)
  2 chaos spawn (Orc:2)
  2 hungry ghosts
  5 basilisks
  Menkaure (D:5)
  8 swamp worms (Lair:1)
  5 wargs
  A soldier ant (D:13)
  9 vampire mosquitoes
  An acid dragon (D:14)
  A hell hound (D:15)
  6 porcupines
  11 water moccasins
  3 ice beasts
  35 orc warriors
  2 sky beasts
  4 phantoms
  15 ogres
  19 centaurs
  10 wolves (IceCv)
  12 crocodiles
  8 big kobolds
  8 earth elementals (D:13)
  21 bullfrogs
  A wyvern zombie (D:14)
  A gnoll sergeant (D:12)
  2 wyvern skeletons
  A water moccasin zombie (D:8)
  3 scorpions
  17 killer bees
  21 wights
  2 electric eels (Lair:3)
  3 howler monkeys
  4 crimson imps
  4 bullfrog zombies
  A centaur zombie (D:5)
  5 bullfrog skeletons
  2 quasits
  6 hounds
  10 centaur skeletons
  6 jellies
  28 orc priests
  4 iguanas
  21 orc wizards
  Jessica (D:2)
  7 hell rats (Lair:3)
  14 worker ants
  A killer bee zombie (D:6)
  A hound skeleton (D:5)
  A hound zombie (D:9)
  A worker ant zombie (D:10)
  2 howler monkey skeletons
  4 gnolls (D:12)
  17 adders
  17 river rats (Lair:3)
  2 shadow imps
  4 oozes (Lair:5)
  2 adder skeletons
  An adder zombie (D:6)
  14 worms
  5 dart slugs
  4 leopard geckos
  82 orcs
  10 bats
  6 giant cockroaches
  7 goblins
  6 hobgoblins
  21 jackals
  15 quokkas
  11 frilled lizards
  30 kobolds
  A quokka skeleton (D:7)
  11 rats
  2 plants (D:10)
938 creatures vanquished.

Vanquished Creatures (others)
  6 fungi (Lair:6)
  32 plants
38 creatures vanquished.

Grand Total: 976 creatures vanquished

Notes
Turn   | Place    | Note
-------+----------+-------------------------------------------
     0 | D:1      | AverageBear the Deep Elf Fighter began the quest for the Orb.
     0 | D:1      | Reached XP level 1. HP: 13/13 MP: 3/3
   304 | D:1      | Reached XP level 2. HP: 18/18 MP: 4/4
   823 | D:1      | Reached XP level 3. HP: 22/22 MP: 5/5
   921 | D:2      | Noticed Jessica
   928 | D:2      | Killed Jessica
  1252 | D:2      | Noticed Sigmund
  1268 | D:2      | Killed Sigmund
  1268 | D:2      | Reached XP level 4. HP: 13/27 MP: 6/6
  1268 | D:2      | Reached XP level 5. HP: 15/31 MP: 7/7
  1552 | D:2      | Found a sparkling altar of Nemelex Xobeh.
  1557 | D:2      | Reached skill level 1 in Dodging
  1630 | D:2      | Found a stormy altar of Qazlal.
  1883 | D:3      | Reached XP level 6. HP: 34/36 MP: 8/8
  2944 | D:4      | Found a snail-covered altar of Cheibriados.
  3512 | D:4      | Reached skill level 5 in Dodging
  3512 | D:4      | Reached XP level 7. HP: 38/40 MP: 9/9
  3772 | D:4      | Found a burning altar of Makhleb.
  3821 | D:5      | Entered Level 5 of the Dungeon
  3829 | D:5      | Noticed Grinder
  3847 | D:5      | Killed Grinder
  4109 | D:5      | Noticed Menkaure
  4167 | D:4      | Reached XP level 8. HP: 27/45 MP: 10/10
  4353 | D:5      | Killed Menkaure
  4473 | D:5      | Found Fuihivan's Antique Weapon Shop.
  4483 | D:5      | Bought a glowing rapier for 238 gold pieces
  4739 | D:5      | Reached skill level 5 in Armour
  4853 | D:6      | Found an opulent altar of Gozag.
  4909 | D:6      | Found a staircase to the Ecumenical Temple.
  4928 | Temple   | Entered the Ecumenical Temple
  5190 | D:6      | Gained mutation: You are robust. (+10% HP) [potion of mutation]
  5190 | D:6      | Gained mutation: Your flesh is heat resistant. (rF+) [potion of mutation]
  5190 | D:6      | Gained mutation: You have sharp fingernails. [potion of mutation]
  5373 | D:6      | Found a white marble altar of Elyvilon.
  5669 | Temple   | Became a worshipper of Ashenzari the Shackled
  5931 | D:7      | Noticed a hippogriff
  5939 | D:7      | Killed a hippogriff
  5989 | D:7      | Found a deep blue altar of Sif Muna.
  6028 | D:7      | Reached XP level 9. HP: 23/53 MP: 11/11
  6498 | D:7      | Reached skill level 5 in Shields
  7181 | D:8      | Found a deep blue altar of Sif Muna.
  7225 | D:8      | Found Jaunoud's Weapon Shoppe.
  7646 | D:8      | Noticed a queen bee
  7680 | D:8      | Killed a queen bee
  7680 | D:8      | Reached XP level 10. HP: 50/59 MP: 12/12
  8010 | D:9      | Noticed a two-headed ogre
  8041 | D:9      | Killed a two-headed ogre
  8053 | D:9      | Found a bloodstained altar of Trog.
  8104 | D:9      | Reached skill level 10 in Short Blades
  8234 | D:9      | Found Waewir's Gadget Shop.
  8456 | D:9      | Reached skill level 10 in Dodging
  8652 | D:9      | Reached XP level 11. HP: 63/63 MP: 13/13
  8660 | D:9      | Noticed a two-headed ogre
  8678 | D:9      | Noticed Pikel
  8710 | D:9      | Killed a two-headed ogre
  8731 | D:9      | Killed Pikel
  8844 | D:10     | Entered Level 10 of the Dungeon
  9035 | D:10     | Reached * piety under Ashenzari
  9066 | D:10     | Found a staircase to the Lair.
  9076 | D:10     | Reached skill level 5 in Fighting
  9247 | D:10     | Reached skill level 1 in Spellcasting
  9253 | D:10     | Reached skill level 2 in Spellcasting
  9274 | D:10     | Reached skill level 3 in Spellcasting
  9287 | D:10     | Found a staircase to the Orcish Mines.
  9415 | D:10     | Reached skill level 4 in Spellcasting
  9694 | D:10     | Reached skill level 5 in Spellcasting
 10002 | Orc:1    | Entered Level 1 of the Orcish Mines
 10133 | D:10     | Reached skill level 6 in Spellcasting
 10546 | Orc:1    | Found a roughly hewn altar of Beogh.
 10709 | D:11     | Reached skill level 7 in Spellcasting
 10729 | D:11     | Found a stormy altar of Qazlal.
 10831 | D:11     | Reached ** piety under Ashenzari
 10831 | D:11     | Noticed SillyWilly's ghost (journeyman HaHu)
 10833 | D:11     | Noticed a red ugly thing
 10834 | D:11     | Noticed a cyan ugly thing
 10855 | D:11     | Killed SillyWilly's ghost
 10855 | D:11     | Reached skill level 8 in Spellcasting
 11068 | D:11     | Found Wadawirch's Gadget Shoppe.
 11208 | D:11     | Noticed a two-headed ogre
 11215 | D:11     | Killed a two-headed ogre
 11424 | D:11     | Gained mutation: You expend magic power (3 MP) to strengthen your wands. [mutagenic meat]
 11425 | D:11     | Gained mutation: You tend to lose your temper in combat. [mutagenic meat]
 11426 | D:11     | Gained mutation: Your spells are a little easier to cast, but a little less powerful. [mutagenic meat]
 11427 | D:11     | Gained mutation: Your body sometimes deteriorates upon taking damage. [mutagenic meat]
 11461 | D:11     | Reached skill level 9 in Spellcasting
 11497 | D:11     | Killed a purple ugly thing
 11497 | D:11     | Reached XP level 12. HP: 71/74 MP: 27/27
 11624 | Lair:1   | Entered Level 1 of the Lair of Beasts
 11655 | Lair:1   | Reached skill level 10 in Spellcasting
 11954 | Lair:1   | Reached skill level 11 in Spellcasting
 11959 | Lair:1   | Learned a level 3 spell: Conjure Flame
 11963 | Lair:1   | Learned a level 3 spell: Mephitic Cloud
 11999 | Lair:1   | Found a hazy altar of Hepliaklqana.
 12034 | Lair:1   | Reached skill level 1 in Conjurations
 12772 | Lair:1   | Reached skill level 5 in Conjurations
 13009 | Lair:2   | Reached *** piety under Ashenzari
 13053 | Lair:2   | Found a frozen archway.
 13131 | IceCv    | Entered an ice cave
 13178 | IceCv    | Reached skill level 1 in Fire Magic
 13310 | IceCv    | Lost mutation: Your spells are a little easier to cast, but a little less powerful. [potion of mutation]
 13310 | IceCv    | Lost mutation: Your body sometimes deteriorates upon taking damage. [potion of mutation]
 13310 | IceCv    | Lost mutation: Your flesh is heat resistant. (rF+) [potion of mutation]
 13310 | IceCv    | Lost mutation: You expend magic power (3 MP) to strengthen your wands. [potion of mutation]
 13310 | IceCv    | Lost mutation: You tend to lose your temper in combat. [potion of mutation]
 13310 | IceCv    | Lost mutation: You are robust. (+10% HP) [potion of mutation]
 13310 | IceCv    | Gained mutation: You have a pair of small horns on your head. [potion of mutation]
 13311 | IceCv    | Lost mutation: You have sharp fingernails. [potion of mutation]
 13311 | IceCv    | Lost mutation: You have a pair of small horns on your head. [potion of mutation]
 13311 | IceCv    | Gained mutation: You expend magic power (3 MP) to strengthen your wands. [potion of mutation]
 13311 | IceCv    | Gained mutation: Your muscles are strong. (Str +2) [potion of mutation]
 13311 | IceCv    | Gained mutation: You are partially covered in yellow scales. (AC +2) [potion of mutation]
 13311 | IceCv    | Gained mutation: You possess an exceptional clarity of mind. [potion of mutation]
 13312 | IceCv    | Lost mutation: You expend magic power (3 MP) to strengthen your wands. [potion of mutation]
 13312 | IceCv    | Lost mutation: Your muscles are strong. (Str +2) [potion of mutation]
 13312 | IceCv    | Lost mutation: You are partially covered in yellow scales. (AC +2) [potion of mutation]
 13312 | IceCv    | Gained mutation: You are dopey. (Int -2) [potion of mutation]
 13312 | IceCv    | Lost mutation: You are dopey. (Int -2) [potion of mutation]
 13312 | IceCv    | Gained mutation: Your natural rate of healing is unusually fast. [potion of mutation]
 13679 | IceCv    | Reached skill level 5 in Fire Magic
 13719 | IceCv    | Noticed a frost giant
 13741 | IceCv    | Killed a frost giant
 13862 | IceCv    | Reached XP level 13. HP: 61/72 MP: 30/30
 14520 | Lair:2   | Found a hole to the Spider Nest.
 14683 | Lair:2   | Reached skill level 1 in Air Magic
 14822 | Lair:3   | Found a staircase to the Swamp.
 14896 | Lair:3   | Noticed Urug
 14922 | Lair:3   | Killed Urug
 15095 | Lair:3   | Reached skill level 1 in Poison Magic
 15116 | Lair:3   | Reached **** piety under Ashenzari
 16220 | Lair:4   | Noticed jiveturtle's ghost (journeyman DrCj)
 16253 | Lair:4   | Killed jiveturtle's ghost
 16930 | Lair:4   | Reached skill level 1 in Stealth
 16980 | Lair:5   | Got the cursed plate armour of the Louse {Dex-3 Slay+6}
 16981 | Lair:5   | Identified the cursed +1 plate armour of the Louse {Dex-3 Slay+6} (You found it on level 5 of the Lair of Beasts)
 17414 | Lair:5   | Reached ***** piety under Ashenzari
 17444 | Lair:5   | Found a staircase to the Slime Pits.
 17768 | Lair:6   | Entered Level 6 of the Lair of Beasts
 17776 | Lair:6   | Reached skill level 10 in Armour
 17929 | Lair:6   | Reached XP level 14. HP: 77/78 MP: 31/31
 18010 | Lair:6   | Noticed Josephine
 18027 | Lair:6   | Killed Josephine
 18027 | Lair:6   | Reached skill level 12 in Spellcasting
 18212 | Lair:5   | Reached skill level 13 in Spellcasting
 18496 | Lair:6   | Reached skill level 14 in Spellcasting
 18545 | Lair:6   | Identified the ring "Jaem" {rF+ Slay+4}
 18632 | Lair:6   | Reached skill level 5 in Stealth
 19243 | Orc:2    | Entered Level 2 of the Orcish Mines
 19271 | Orc:2    | Found Issasch's Distillery.
 19515 | Orc:2    | Found a staircase to the Elven Halls.
 19776 | Orc:2    | Found Lymmuxt's Food Shop.
 20926 | Orc:2    | Reached XP level 15. HP: 72/86 MP: 35/35
 21028 | Orc:2    | Found Mocwoekk's Antique Weapon Shoppe.
 21028 | Orc:2    | Found Zeugger's Gadget Emporium.
 21029 | Orc:2    | Found a one-way gate leading to the halls of Pandemonium.
 21046 | Orc:2    | Bought a polished long sword for 212 gold pieces
 21046 | Orc:2    | Identified the +5 long sword "Nuczopum" {slice, rN+} (You bought it in a shop on level 2 of the Orcish Mines)
 21088 | Orc:2    | Learned a level 3 spell: Confuse
 21100 | Orc:2    | Learned a level 3 spell: Tukima's Dance
 21104 | Orc:2    | Learned a level 3 spell: Dazzling Spray
 21304 | D:12     | Reached skill level 1 in Hexes
 21348 | D:12     | Noticed Psyche
 21358 | D:12     | Killed Psyche
 21614 | D:12     | Reached ****** piety under Ashenzari
 22082 | D:12     | Reached skill level 5 in Hexes
 22193 | D:13     | Identified the +8 short sword of Accidental Termination {drain, rC- MR+ Str-2 Dex+8}
 22193 | D:13     | Noticed Zdeegee's ghost (journeyman MiFi)
 23210 | D:13     | Reached skill level 10 in Hexes
 23253 | D:13     | Found a gate to the Vaults.
 23294 | D:13     | Identified the cursed +3 quarterstaff of Distant Worlds {freeze, rElec rN+ Int+2 Stlth-} (You took it off an orc on level 13 of the Dungeon)
 23435 | D:14     | Noticed Nessos
 23447 | D:14     | Killed Nessos
 23532 | D:13     | Gained mutation: Your mind is acute. (Int +2) [mutagenic meat]
 23588 | D:14     | Reached skill level 10 in Conjurations
 23607 | D:14     | Noticed Roxanne
 23780 | D:14     | Lost mutation: Your mind is acute. (Int +2) [mutagenic meat]
 23781 | D:14     | Gained mutation: You are agile. (Dex +2) [mutagenic meat]
 23782 | D:14     | Gained mutation: You are weak. (Str -2) [mutagenic meat]
 23941 | D:14     | Found a glowing silver altar of Zin.
 24094 | D:14     | Found Ucasch's Distillery.
 24102 | D:14     | Bought a potion of heal wounds for 55 gold pieces
 24102 | D:14     | Bought a potion of might for 44 gold pieces
 24121 | D:15     | Entered Level 15 of the Dungeon
 24199 | D:15     | Lost mutation: You possess an exceptional clarity of mind. [mutagenic meat]
 24200 | D:15     | Lost mutation: You are agile. (Dex +2) [mutagenic meat]
 24201 | D:15     | Gained mutation: You have a somewhat thin skeletal structure. (Dex +2, Stealth) [mutagenic meat]
 24202 | D:15     | Gained mutation: You are surrounded by a mild repulsion field. (EV +2) [mutagenic meat]
 24204 | D:15     | Gained mutation: You expend magic power (3 MP) to strengthen your wands. [mutagenic meat]
 24205 | D:15     | Gained mutation: You are clumsy. (Dex -2) [mutagenic meat]
 24360 | D:15     | Noticed Azrael
 24374 | D:15     | Killed Azrael
 24651 | D:15     | Gained mutation: Your magical capacity is low. (-10% MP) [mutagenic meat]
 24652 | D:15     | Gained mutation: Your body sometimes deteriorates upon taking damage. [mutagenic meat]
 24653 | D:15     | Lost mutation: Your magical capacity is low. (-10% MP) [potion of mutation]
 24653 | D:15     | Lost mutation: You are weak. (Str -2) [potion of mutation]
 24653 | D:15     | Lost mutation: Your body sometimes deteriorates upon taking damage. [potion of mutation]
 24653 | D:15     | Lost mutation: You are clumsy. (Dex -2) [potion of mutation]
 24653 | D:15     | Gained mutation: Armour fits poorly on your strangely shaped body. [potion of mutation]
 24653 | D:15     | Gained mutation: You have a pair of small antennae on your head. [potion of mutation]
 24653 | D:15     | Gained mutation: You are weak. (Str -2) [potion of mutation]
 24653 | D:15     | Lost mutation: You are weak. (Str -2) [potion of mutation]
 24701 | D:15     | Found an opulent altar of Gozag.
 24740 | D:15     | Reached XP level 16. HP: 82/93 MP: 36/36
 24904 | Orc:2    | Bought a potion of mutation for 112 gold pieces
 24904 | Orc:2    | Lost mutation: You have a pair of small antennae on your head. [potion of mutation]
 24904 | Orc:2    | Lost mutation: You are surrounded by a mild repulsion field. (EV +2) [potion of mutation]
 24904 | Orc:2    | Lost mutation: You expend magic power (3 MP) to strengthen your wands. [potion of mutation]
 24904 | Orc:2    | Lost mutation: Armour fits poorly on your strangely shaped body. [potion of mutation]
 24904 | Orc:2    | Lost mutation: You have a somewhat thin skeletal structure. (Dex +2, Stealth) [potion of mutation]
 24904 | Orc:2    | Gained mutation: You are resistant to hostile enchantments. (MR+) [potion of mutation]
 24904 | Orc:2    | Gained mutation: You passively map a small area around you. [potion of mutation]
 24904 | Orc:2    | Gained mutation: You possess an exceptional clarity of mind. [potion of mutation]
 24939 | Elf:1    | Entered Level 1 of the Elven Halls
 25517 | Elf:1    | Killed from afar by a deep elf mage

Skill      XL: |  1  2  3  4  5  6  7  8  9 10 11 12 13 14 15 16 |
---------------+-------------------------------------------------+-----
Short Blades   | 3 6 7 10 | 10.3
Dodging        | 1 5 7 10 11 12 | 12.1
Armour         | 3 6 7 10 | 10.3
Shields        | 4 7 8 9 |  9.3
Fighting       | 5 7 8 |  8.0
Spellcasting   | 9 11 14 | 14.0
Conjurations   | 7 9 10 | 10.3
Fire Magic     | 6 |  6.3
Air Magic      | 3 |  3.1
Poison Magic   | 3 |  3.1
Stealth        | 2 8 |  8.1
Hexes          | 10 | 10.5

Action                   |  1- 3 |  4- 6 |  7- 9 | 10-12 | 13-15 | 16-18 || total
-------------------------+-------+-------+-------+-------+-------+-------++-------
Melee: Rapier            |   122 |   282 |   437 |  1254 |  1956 |   102 ||  4153
 Cast: Conjure Flame     |       |       |       |     3 |    12 |     1 ||    16
       Mephitic Cloud    |       |       |       |       |    10 |     1 ||    11
       Confuse           |       |       |       |       |       |     1 ||     1
Invok: Curse Item        |       |       |     2 |     4 |     2 |       ||     8
Evoke: Wand              |       |       |       |     1 |       |       ||     1
       Fan of gales      |       |       |       |       |     1 |       ||     1
  Use: Potion            |     1 |       |    11 |     8 |     9 |     2 ||    31
       Scroll            |       |    11 |     9 |    10 |    13 |     1 ||    44
 Stab: Confused          |       |       |       |       |     6 |     1 ||     7
  Eat: Chunk             |     1 |     7 |    10 |    29 |    48 |     3 ||    98
       Fruit             |       |       |     3 |       |     1 |       ||     4
       Royal jelly       |       |       |     1 |       |       |       ||     1
Armor: Scale mail        |    88 |    31 |    68 |   369 |   106 |       ||   662
       Ring mail         |       |    80 |    64 |       |       |       ||   144
       Skin              |       |       |    21 |    14 |       |       ||    35
       Plate armour      |       |       |       |       |   513 |    26 ||   539
Dodge: Dodged            |    24 |    56 |   117 |   393 |   358 |    33 ||   981
Block: Shield            |    38 |       |       |       |       |       ||    38
       Large shield      |    76 |   187 |   312 |   876 |  1152 |    64 ||  2667
